Map: Goldenaura LE

Players

Djoker

  • Race: Terran Terran
  • League: Diamond
  • Spawn Location: 12:00

Slug - Winner!

  • Race: Protoss Protoss
  • League: Diamond
  • Spawn Location: 5:00

VOD

Have the link to the VOD?

Description

Time

  • Played on: Feb. 7, 2024, 5:14 p.m.
  • Length: 13:08
Show
View Real Time Build Order
Export as new Build Order

Djoker Terran 

Build Orders: Reaper Expand 

Get SALT Encoding   

  12  0:00  SCV  
  13  0:12  SCV  
  14  0:18  Supply Depot  
  14  0:24  SCV  
  15  0:40  SCV  
  15  0:41  Barracks  
  16  0:44  Refinery  
  16  0:52  SCV  
  17  1:04  SCV  
  18  1:16  SCV  
  19  1:28  Reaper  
  19  1:29  Orbital Command  
  20  1:41  Command Center  
  20  1:56  SCV  
  20  2:00  Marine  
  23  2:08  SCV  
  23  2:12  Supply Depot  
  23  2:21  Bunker  
  23  2:28  Barracks Reactor  
  23  2:33  Factory  
  23  2:34  SCV  
  24  2:41  Refinery  
  24  2:46  SCV  
  25  2:54  Orbital Command  
  25  2:57  Supply Depot  
  25  2:59  SCV  
  26  3:05  Marine x2  
  26  3:11  SCV  
  29  3:20  Cyclone  
  29  3:22  Starport  
  29  3:23  SCV  
  29  3:25  Supply Depot  
  29  3:26  SCV  
  33  3:32  Marine x2  
  35  3:35  SCV  
  35  3:38  SCV  
  37  3:47  SCV  
  38  3:50  Marine x2  
  38  3:52  Cyclone  
  42  3:57  SCV  
  42  3:59  SCV  
  42  4:00  Medivac  
  46  4:03  Supply Depot  
  46  4:09  Marine x2  
  49  4:10  SCV  
  49  4:11  SCV  
  50  4:26  Barracks, Supply Depot  
  50  4:27  Factory Tech Lab  
  50  4:28  Barracks  
  50  4:31  Starport Tech Lab  
  50  4:42  Marine x2  
  50  4:43  SCV x2  
  52  4:59  Marine  
  52  5:00  Raven, Siege Tank, Marine  
  52  5:03  SCV  
  52  5:07  Barracks, Supply Depot  
  55  5:11  Barracks  
  53  5:17  Marine x2  
  53  5:21  Barracks Tech Lab  
  55  5:23  Marine  
  55  5:39  SCV x2  
  57  5:51  SCV x2  
  57  5:54  Marine x2  
  57  5:56  Marauder  
  63  5:57  Stimpack  
  63  6:01  Barracks Tech Lab  
  63  6:02  Barracks Tech Lab x2  
  63  6:03  SCV  
  62  6:05  Supply Depot  
  62  6:06  SCV  
  62  6:09  Refinery  
  62  6:10  Refinery  
  61  6:15  SCV  
  61  6:18  SCV  
  61  6:27  SCV  
  61  6:30  SCV  
  63  6:35  Combat Shield  
  63  6:36  Concussive Shells, Engineering Bay x2  
  63  6:37  Marine  
  63  6:38  Marauder x2, Marine  
  63  6:39  SCV  
  70  6:43  Supply Depot  
  70  6:44  SCV  
  71  6:55  Armory  
  71  7:03  Barracks  
  71  7:05  Factory Reactor, Medivac  
  71  7:06  Marine  
  71  7:07  Marauder, Marine x3  
  71  7:08  Marauder  
  81  7:09  Supply Depot  
  81  7:14  Starport  
  81  7:20  Terran Infantry Weapons Level 1, Terran Infantry Armor Level 1  
  81  7:48  Marine x2, Marauder x3  
  81  7:49  Marauder  
  91  7:52  Starport Reactor  
  91  7:55  Medivac  
  91  7:57  Widow Mine  
  95  8:00  Supply Depot  
  94  8:06  Marine x2  
  94  8:09  Marine x2  
  98  8:13  Marine  
  98  8:14  Marauder  
  101  8:24  Marine  
  101  8:25  Medivac  
  104  8:27  Marauder  
  104  8:34  Command Center  
  84  8:55  Medivac  
  74  8:57  Marine x2  
  74  8:58  Marauder x2  
  68  9:04  Marine x2  
  61  9:15  Marine x2  
  62  9:18  SCV, Marine x2  
  62  9:19  SCV  
  62  9:22  Marine x2  
  68  9:30  SCV  
  64  9:32  Marine  
  64  9:33  Marine  
  64  9:36  Marine x2  
  67  9:40  Marine x2  
  67  9:44  SCV x2  
  70  9:53  Planetary Fortress  
  70  9:56  Marine x2, SCV x2, Missile Turret  
  70  9:57  Marine x2, Marauder x2  
  80  10:08  SCV x2  
  82  10:14  Marine x2  
  82  10:15  Marine x2  
  82  10:18  Marine  
  82  10:20  Missile Turret, SCV x2  
  89  10:23  Missile Turret  
  89  10:32  Terran Infantry Weapons Level 2, SCV x2  
  89  10:33  Terran Infantry Armor Level 2  
  89  10:44  SCV  
  89  10:45  SCV, Widow Mine x2  
  89  10:46  SCV  
  96  10:53  Marauder x2  
  96  10:54  Marine x4  
  96  10:56  SCV, Medivac  
  107  10:57  Medivac  
  107  11:01  Liberator  
  112  11:06  SCV x2  
  112  11:08  SCV  
  115  11:11  Marine  
  115  11:12  Marine  
  115  11:17  Refinery  
  118  11:18  SCV  
  118  11:20  SCV  
  118  11:21  Supply Depot, SCV  
  118  11:22  Supply Depot  
  118  11:23  Supply Depot  
  118  11:24  Marauder, Marine  
  118  11:25  Marauder  
  125  11:42  Liberator, SCV, Medivac  
  125  11:44  SCV x2  
  125  11:46  Supply Depot, Refinery  
  133  11:47  Supply Depot  
  125  12:12  Marine x4  
  125  12:13  Marine x2  
Show
View Real Time Build Order
Export as new Build Order

Slug Protoss - Winner!

Build Orders: 1 Gate Expand, Blink Stalkers 

Get SALT Encoding   

  12  0:00  Probe  
  13  0:12  Probe  
  14  0:19  Pylon  
  14  0:24  Probe (Chrono Boost)  
  15  0:37  Probe (Chrono Boost)  
  15  0:39  Gateway  
  16  0:44  Assimilator  
  16  0:48  Probe (Chrono Boost)  
  17  0:59  Probe (Chrono Boost)  
  18  1:11  Probe (Chrono Boost)  
  19  1:16  Probe (Chrono Boost)  
  20  1:26  Cybernetics Core  
  20  1:34  Nexus  
  20  1:37  Probe  
  21  1:44  Assimilator  
  21  1:49  Pylon  
  21  1:52  Probe  
  22  2:04  Probe  
  22  2:07  Adept  
  25  2:11  Twilight Council  
  25  2:15  Warp Gate  
  25  2:19  Probe  
  25  2:31  Probe  
  26  2:37  Stalker  
  28  2:48  Robotics Facility  
  28  2:54  Probe (Chrono Boost)  
  30  2:58  Probe (Chrono Boost)  
  31  3:06  Probe (Chrono Boost)  
  31  3:07  Stalker  
  31  3:10  Probe (Chrono Boost)  
  34  3:13  Probe (Chrono Boost)  
  34  3:16  Blink (Chrono Boost)  
  34  3:18  Probe  
  36  3:25  Probe  
  37  3:31  Probe  
  38  3:37  Probe  
  38  3:41  Gateway  
  39  3:43  Probe  
  39  3:44  Gateway  
  39  3:48  Gateway  
  40  3:49  Probe  
  41  3:59  Warp Prism (Chrono Boost)  
  41  4:01  Probe  
  44  4:06  Pylon  
  44  4:10  Assimilator  
  44  4:11  Probe  
  44  4:13  Probe  
  46  4:24  Probe  
  47  4:27  Stalker  
  47  4:29  Pylon  
  49  4:35  Probe  
  50  4:39  Probe  
  51  4:50  Nexus  
  49  4:55  Stalker x4  
  49  4:57  Probe (Chrono Boost)  
  58  5:00  Observer  
  59  5:18  Stalker x2  
  59  5:20  Stalker  
  61  5:24  Stalker  
  54  5:42  Stalker x2  
  56  5:43  Zealot  
  56  6:01  Probe x2  
  53  6:13  Probe x2  
  53  6:15  Stalker  
  56  6:19  Zealot x2, Pylon  
  60  6:25  Probe x2  
  62  6:33  Probe (Chrono Boost)  
  62  6:37  Probe (Chrono Boost)  
  62  6:38  Probe (Chrono Boost)  
  62  6:39  Charge  
  65  6:40  Zealot x3  
  72  6:49  Probe (Chrono Boost)  
  72  6:50  Probe (Chrono Boost)  
  72  6:51  Probe (Chrono Boost)  
  74  6:57  Assimilator, Probe (Chrono Boost)  
  74  6:58  Probe (Chrono Boost), Pylon  
  74  6:59  Probe (Chrono Boost)  
  77  7:08  Assimilator  
  77  7:16  Zealot x2  
  77  7:17  Pylon  
  77  7:18  Probe x2 (Chrono Boost)  
  77  7:20  Probe (Chrono Boost)  
  77  7:22  Probe (Chrono Boost)  
  85  7:34  Pylon  
  85  7:36  Pylon, Probe (Chrono Boost)  
  88  7:39  Probe (Chrono Boost), Forge  
  88  7:40  Probe (Chrono Boost)  
  88  7:42  Zealot x2  
  92  7:50  Probe (Chrono Boost)  
  93  7:51  Probe (Chrono Boost)  
  93  7:57  Pylon  
  94  8:04  Zealot x3  
  94  8:05  Zealot  
  92  8:12  Shield Battery  
  91  8:13  Shield Battery  
  91  8:18  Immortal  
  95  8:25  Zealot x3  
  101  8:29  Gateway  
  101  8:30  Gateway  
  101  8:33  Gateway, Zealot  
  95  8:47  Zealot x3  
  91  8:55  Zealot  
  83  9:07  Zealot x3  
  89  9:18  Robotics Bay  
  85  9:26  Warp Prism  
  85  9:27  Probe x2  
  85  9:33  Probe  
  85  9:35  Zealot x5  
  91  9:39  Probe  
  91  9:42  Zealot x2  
  96  9:47  Templar Archives  
  94  9:55  Zealot  
  94  9:56  Zealot x4  
  102  10:01  Probe  
  102  10:02  Observer  
  102  10:03  Protoss Ground Weapons Level 1 (Chrono Boost)  
  104  10:14  Probe  
  104  10:16  Colossus  
  104  10:20  Psionic Storm  
  105  10:23  Nexus, Pylon  
  105  10:24  High Templar x3  
  105  10:25  Pylon  
  117  10:30  Pylon  
  117  10:34  Archon  
  117  10:42  Probe  
  116  10:48  High Templar x3  
  116  10:49  Gateway  
  122  10:50  Pylon  
  122  10:52  Zealot, Archon  
  122  10:53  Probe  
  125  11:06  Colossus  
  125  11:07  High Templar x3  
  125  11:10  Gateway  
  137  11:11  Archon  
  137  11:12  Gateway  
  137  11:14  Gateway  
  137  11:21  Zealot  
  139  11:36  Nexus  
  139  11:39  Pylon  
  139  11:48  Zealot x3  
  139  11:49  Zealot x2  
  129  12:11  Zealot x5  
  129  12:12  Zealot x3  
  129  12:15  Warp Prism  
  147  12:17  Zealot x3  
  153  12:28  Shield Battery  
  153  12:30  Shield Battery  
  153  12:32  Shield Battery  
  153  12:34  Gateway  
  153  12:35  Gateway  
  149  12:38  Assimilator  
  141  12:45  Zealot  
  141  12:46  Zealot x4  
  145  12:55  Zealot x4  
  110  13:06  High Templar x5  
  110  13:07  High Templar x2  
  110  13:08  Archon  
Tags
 
Add a new tag
Caveats
  • Supply blocks, unpowered buildings, or Contaminate may cause inaccurate times.
  • Supply counts are checked every 10 seconds.